 Dungeon Crawl Stone Soup version 0.28.0 (webtiles) character file.

Game seed: 14446469053115749918

174 Crownlay the Poker (level 5, -1/43 (47) HPs)
             Began as a Minotaur Fighter on Feb 10, 2022.
             Slain by an orc (2 damage)
             ... on level 4 of the Dungeon.
             The game lasted 00:03:32 (2191 turns).

Crownlay the Poker (Minotaur Fighter)               Turns: 2191, Time: 00:03:33

HP:   -1/43 (47)    AC:  6    Str: 20    XL:     5   Next: 28%
MP:   4/4           EV:  9    Int:  5    God:
Gold: 64            SH:  5    Dex: 12    Spells: 4/4 levels left

rFire   . . .      SeeInvis .   a - +0 trident
rCold   . . .      Faith    .   c - +0 buckler
rNeg    . . .      Spirit   .   b - +0 scale mail
rPois   .          Reflect  .   (helmet restricted)
rElec   .          Harm     .   (no cloak)
rCorr   .          Rampage  .   (no gloves)
Will    .....                   (no boots)
Stlth   ..........              (no amulet)
HPRegen 0.14/turn               (no ring)
MPRegen 0.09/turn               (no ring)

@: drained
A: horns 2, retaliatory headbutt
a: no special abilities


You were on level 4 of the Dungeon.
You visited 1 branch of the dungeon, and saw 4 of its levels.

You collected 84 gold pieces.
You spent 20 gold pieces at shops.

Inventory:

Hand Weapons
 a - a +0 trident (weapon)
Armour
 b - a +0 scale mail (worn)
 c - a +0 buckler (worn)
Wands
 k - a wand of polymorph (10)
Scrolls
 e - a scroll of magic mapping {unknown}
 g - 3 scrolls of identify
 h - a scroll of fog {unknown}
 i - a scroll of teleportation {unknown}
 j - a scroll of summoning {unknown}
 n - a scroll of vulnerability {unknown}
 p - a scroll of fear {unknown}
Potions
 d - a potion of might
 f - 2 potions of haste {unknown}
 l - a potion of degeneration {unknown}
 m - a potion of resistance {unknown}
 o - a potion of curing {unknown}


   Skills:
 + Level 4.7 Fighting
 * Level 5.1 Polearms
 - Level 3.6 Armour
 + Level 4.8 Shields


You had 4 spell levels left.
You didn't know any spells.
Your spell library was empty.

Dungeon Overview and Level Annotations

Branches:
Dungeon (4/15)
 Temple: D:4-7

Altars:

Shops:
D:2 ?


Innate Abilities, Weirdness & Mutations

You have a pair of horns on your head.
You reflexively headbutt those who attack you in melee.


Message History

The orc hits you with a +2 flail of draining!
You feel drained.
The orc priest invokes the aid of Beogh against you.
Pain shoots through your body!
* * * LOW HITPOINT WARNING * * *
The orc hits you with a +0 club.
* * * LOW HITPOINT WARNING * * *
The orc completely misses you.
You are too injured to fight recklessly!
You are too injured to fight recklessly!
You are too injured to fight recklessly!
You are too injured to fight recklessly!
You are too injured to fight recklessly!
You are too injured to fight recklessly!
You are too injured to fight recklessly!
You are too injured to fight recklessly!
You hit the orc priest.
The orc priest is lightly wounded.
The orc barely misses you. You block the orc priest's attack.
The orc hits you but does no damage. The orc closely misses you.
You barely miss the orc priest.
The orc priest is lightly wounded.
The orc hits you with a +2 flail of draining.
* * * LOW HITPOINT WARNING * * *
You feel drained.
The orc priest hits you but does no damage.
The orc hits you but does no damage. The orc barely misses you.
You barely miss the orc priest.
The orc priest is lightly wounded.
The orc hits you with a +2 flail of draining.
* * * LOW HITPOINT WARNING * * *
You feel drained.
* * * LOW HITPOINT WARNING * * *
The orc priest hits you with a +0 short sword.
* * * LOW HITPOINT WARNING * * *
The orc hits you with a +0 club.
* * * LOW HITPOINT WARNING * * *
The orc hits you but does no damage.
The orc hits you with a +2 flail of draining.
You die...

#o #...#.<.#
#...#...#...
#'#'#...#+#+#####
+...'...+...+...#
.8.#.⌠.#.8.#.<.#
'...'...'...#
#...#+#'#####
#ooo#...#
#o@.#.<.#
#...#...#
#...##### #...#
....# #.#### ..
###


You could see an orc priest and 3 orcs.

Vanquished Creatures
  A centaur skeleton (D:4)
  2 orc wizards
  3 adders
  A worm (D:2)
  2 dart slugs (D:2)
  8 orcs (D:3)
  9 ball pythons
  6 endoplasms
  A giant cockroach (D:1)
  4 goblins
  5 hobgoblins
  3 kobolds
  A quokka (D:1)
  4 bats (D:1)
  A frilled lizard (D:1)
  6 rats
57 creatures vanquished.

Notes
Turn   | Place    | Note
-------+----------+-------------------------------------------
     0 | D:1      | Crownlay the Minotaur Fighter began the quest for the Orb.
     0 | D:1      | Reached XP level 1. HP: 19/19 MP: 0/0
   115 | D:1      | Reached XP level 2. HP: 27/27 MP: 1/1
   116 | D:1      | Reached skill level 3 in Polearms
   933 | D:2      | Found a faded altar of an unknown god.
   956 | D:2      | Reached XP level 3. HP: 33/33 MP: 2/2
  1131 | D:2      | Found Xoviza's Magic Scroll Shop.
  1139 | D:2      | Bought a scroll of identify for 20 gold pieces
  1446 | D:3      | Reached skill level 4 in Polearms
  1509 | D:3      | Reached XP level 4. HP: 40/40 MP: 3/3
  2182 | D:4      | Reached XP level 5. HP: 45/47 MP: 4/4
  2187 | D:4      | Reached skill level 5 in Polearms
  2191 | D:4      | HP: 1/43 [orc (3)]
  2191 | D:4      | Slain by an orc

Illustrated notes

Levels and vault maps discovered:
D:1:      dpeg_arrival_three_same_balls, layout_basic
D:2:      layout_basic, serial_shops, shop_fountains,
          ebering_ecumenical_altar_box
D:3:      layout_loops_ring
D:4:      layout_basic, nicolae_overflow_hidden_temple,
          nzn_wu_jian_council_hall, minmay_temple_entry_sparse_star,
          nicolae_elevator_lobby_plus

Skill      XL: |  1  2  3  4  5 |
---------------+----------------+-----
Polearms       | 3 4 5 |  5.1
Shields        | 4 |  4.8
Fighting       | 4 |  4.7
Armour         | |  3.6

Action                   |  1- 3 |  4- 6 || total
-------------------------+-------+-------++-------
Melee: Trident           |    77 |    52 ||   129
       Headbutt          |    12 |     7 ||    19
Armor: Scale mail        |    17 |    17 ||    34
Dodge: Dodged            |    35 |    20 ||    55
Block: Buckler           |    12 |    10 ||    22
